Nashville Predators vs Los Angeles Kings
Created - Wednesday, January 28, 2026 at 07:51
Goals
|
| Nashville Predators |
0 |
1 |
2 |
3 |
| Los Angeles Kings |
0 |
0 |
2 |
2 |
|
Shots
|
| Nashville Predators |
17 |
12 |
9 |
38 |
| Los Angeles Kings |
14 |
11 |
8 |
33 |
|
1st period
No Goal
Penalties :
Jakub Zboril (LAK) for Tripping (Minor) at 3:13
2nd period
1. Nashville Predators , Dmitri Voronkov 7 (Jack Roslovic 4, Alex Pietrangelo 4) at 2:03 (PP)
Penalties :
Vitali Kravtsov (LAK) for Cross-checking (Minor) at 1:51, Mikey Eyssimont (LAK) for Slashing (Minor) at 8:21, Charlie McAvoy (LAK) for Roughing (Minor) at 19:40
3rd period
2. Nashville Predators , Marco Kasper 2 (Kris Letang 2, Jack Roslovic 5) at 0:10 (PP)
3. Los Angeles Kings , Andrei Svechnikov 3 (Andrei Kuzmenko 7, Jansen Harkins 3) at 0:48
4. Los Angeles Kings , Logan Cooley 8 (Seth Jarvis 8) at 1:43 (PP)
5. Nashville Predators , Dmitri Voronkov 8 (Jean-Gabriel Pageau 3, Yegor Chinakhov 6) at 5:05
Penalties :
Rasmus Ristolainen (NSH) for High sticking (Minor) at 1:33, Marco Kasper (NSH) for Slashing (Minor) at 7:44, K'Andre Miller (LAK) for Interference (Minor) at 16:04, Matthew Tkachuk (NSH) for Tripping (Minor) at 18:34
Goalie Stats
Thatcher Demko (NSH), 31 saves from 33 shots - (0.939), W, 1-0-0, 60:00 minutes
Victor Ostman (LAK), 35 saves from 38 shots - (0.921), L, 1-3-1, 58:46 minutes
Players Stats for Nashville Predators
Player Name G A P +/- PIM S H SB GA TA FO MP PP MP PK MP
------------------------------------------------------------------------------------
Alex Pietrangelo 0 1 1 1 0 1 2 1 1 1 0/0 22:13 3:40 1:45
Alexey Toropchenko 0 0 0 0 0 2 3 0 1 1 1/3 11:02 0:00 1:41
Brandon Montour 0 0 0 0 0 0 0 0 0 0 0/0 15:07 2:59 0:00
Dmitri Voronkov 2 0 2 0 0 4 3 0 0 0 0/1 15:29 3:25 0:04
Eetu Luostarinen 0 0 0 0 0 1 0 0 0 1 1/1 13:44 0:02 1:42
Emil Heineman 0 0 0 0 0 7 0 0 0 0 0/2 12:10 0:00 0:31
Jack Roslovic 0 2 2 0 0 1 0 1 2 0 0/3 13:00 3:25 0:00
Jean-Gabriel Pageau 0 1 1 0 0 4 0 0 2 0 7/9 14:05 0:00 1:43
John-Jason Peterka 0 0 0 0 0 1 0 3 1 0 0/2 18:56 3:12 0:00
Jordan Spence 0 0 0 1 0 3 0 0 0 0 0/0 19:33 2:59 0:00
Kris Letang 0 1 1 -1 0 2 0 3 0 0 0/0 23:55 3:40 1:45
Marco Kasper 1 0 1 0 2 3 2 0 0 1 11/14 15:23 3:25 0:00
Matthew Tkachuk 0 0 0 0 2 1 2 0 0 1 0/0 18:55 3:12 0:00
Pius Suter 0 0 0 0 0 0 2 1 0 1 10/19 20:22 3:12 1:23
Rasmus Ristolainen 0 0 0 0 2 0 1 1 0 2 0/0 16:31 0:00 1:49
Simon Benoit 0 0 0 -1 0 1 1 1 0 1 0/0 22:40 0:00 1:49
Yegor Chinakhov 0 1 1 0 0 2 3 0 0 0 0/1 12:45 0:02 0:00
Yegor Sharangovich 0 0 0 0 0 5 0 0 0 0 0/0 10:33 0:02 0:04
Players Stats for Los Angeles Kings
Player Name G A P +/- PIM S H SB GA TA FO MP PP MP PK MP
------------------------------------------------------------------------------------
Adam Fantilli 0 0 0 1 0 1 1 0 1 1 9/16 19:06 1:20 3:08
Alexander Romanov 0 0 0 -1 0 0 3 1 0 1 0/0 13:48 0:00 0:27
Andrei Kuzmenko 0 1 1 1 0 0 0 0 0 0 1/1 16:33 1:20 0:18
Andrei Svechnikov 1 0 1 1 0 6 1 1 2 0 0/1 19:15 1:20 3:13
Charlie McAvoy 0 0 0 0 2 2 2 4 1 2 0/0 20:16 2:03 3:07
Cooper Marody 0 0 0 0 0 0 0 0 0 1 0/0 8:41 0:20 0:00
Jackson Blake 0 0 0 -1 0 3 1 0 0 0 0/0 12:38 0:00 0:00
Jakub Zboril 0 0 0 -1 2 0 0 0 0 0 0/0 14:32 0:00 1:15
Jansen Harkins 0 1 1 -1 0 7 1 0 0 0 5/12 14:23 1:54 0:00
Joseph Veleno 0 0 0 0 0 2 0 0 2 0 0/3 9:07 0:00 0:18
K'Andre Miller 0 0 0 1 2 2 0 3 0 0 0/0 25:20 1:31 2:17
Logan Cooley 1 0 1 0 0 3 3 0 0 0 2/4 19:00 1:54 3:13
MacKenzie Weegar 0 0 0 1 0 3 3 0 0 0 0/0 25:59 1:31 3:02
Mikey Eyssimont 0 0 0 0 2 1 1 0 0 0 0/0 8:50 0:20 0:00
Ryan Suter 0 0 0 0 0 0 1 0 1 1 0/0 20:13 2:03 3:10
Seth Jarvis 0 1 1 0 0 2 4 1 2 1 8/16 18:51 1:54 3:08
Vitali Kravtsov 0 0 0 -1 2 0 1 0 0 0 0/1 12:37 0:00 0:00
Will Smith 0 0 0 0 0 1 2 0 0 0 0/1 14:07 0:20 0:00
3 Stars
1 - Dmitri Voronkov (NSH)
2 - Thatcher Demko (NSH)
3 - Andrei Svechnikov (LAK)
Power Play
Nashville Predators - 2 on 5 Attempt(s) - 40.00%
Los Angeles Kings - 1 on 3 Attempt(s) - 33.33%
Penalty Kill
Nashville Predators - 2 on 3 Attempt(s) - 66.67%
- Score 0 goal in Penalty Kill
Los Angeles Kings - 3 on 5 Attempt(s) - 60.00%
- Score 0 goal in Penalty Kill
Team Stat
Nashville Predators - Hits : 19 - Faceoff Wins : 30 - Blocked Shots : 11 - Penalty Minutes : 6
Los Angeles Kings - Hits : 24 - Faceoff Wins : 25 - Blocked Shots : 10 - Penalty Minutes : 10
Official
Referees : Kelly Sutherland and Furman South
Linesman : Mitchell Hunt
Game Notes
No Game Note
Finance
Level 1 -- Attendance: 5684 (94.73%) -- Ticket Income $511,560
Level 2 -- Attendance: 4702 (94.04%) -- Ticket Income $235,100
Level 3 -- Attendance: 3000 (100.00%) -- Ticket Income $90,000
Level 4 -- Attendance: 4480 (89.60%) -- Ticket Income $89,600
Luxury Box -- Attendance: 1000 (100.00%) -- Ticket Income $190,000
Game was played at the Staples Center.
Total Attendance: 18866 (94.33%)
Total Ticket Income: $1,116,260
Other Income: $390,691
Total Income: $1,506,951
Nashville Predators
5 vs 5 Forward
Center Left Wing Right Wing Time % Phy DF OF
1 Pius Suter Matthew Tkachuk John-Jason Peterka 30 1 2 2
2 Jean-Gabriel Pageau Dmitri Voronkov Yegor Chinakhov 25 1 2 2
3 Marco Kasper Emil Heineman Eetu Luostarinen 25 1 2 2
4 Jack Roslovic Alexey Toropchenko Yegor Sharangovich 20 1 2 2
5 vs 5 Defense
Defense Defense Time % Phy DF OF
1 Rasmus Ristolainen Simon Benoit 30 1 2 2
2 Alex Pietrangelo Jordan Spence 30 1 2 2
3 Brandon Montour Kris Letang 25 1 2 2
4 Kris Letang Simon Benoit 15 1 2 2
PowerPlay Forward
Center Left Wing Right Wing Time % Phy DF OF
1 Pius Suter Matthew Tkachuk John-Jason Peterka 50 0 2 3
2 Marco Kasper Dmitri Voronkov Jack Roslovic 50 1 2 2
PowerPlay Defense
Defense Defense Time % Phy DF OF
1 Brandon Montour Jordan Spence 50 1 2 2
2 Alex Pietrangelo Kris Letang 50 1 2 2
Penalty Kill 4 Players Forward
Center Wing Time % Phy DF OF
1 Pius Suter Eetu Luostarinen 50 1 2 2
2 Jean-Gabriel Pageau Alexey Toropchenko 50 1 2 2
Penalty Kill 4 Players Defense
Defense Defense Time % Phy DF OF
1 Simon Benoit Rasmus Ristolainen 50 1 2 2
2 Alex Pietrangelo Kris Letang 50 1 2 2
Penalty Kill - 3 Players Forward
Forward Time % Phy DF OF
1 Pius Suter 50 1 2 2
2 Jean-Gabriel Pageau 50 1 2 2
Penalty Kill - 3 Players Defense
Defense Defense Time % Phy DF OF
1 Simon Benoit Rasmus Ristolainen 50 1 2 2
2 Alex Pietrangelo Kris Letang 50 1 2 2
4 vs 4 Forward
Center Wing Time % Phy DF OF
1 Pius Suter Matthew Tkachuk 50 1 2 2
2 Jean-Gabriel Pageau John-Jason Peterka 50 1 2 2
4 vs 4 Defense
Defense Defense Time % Phy DF OF
1 Rasmus Ristolainen Simon Benoit 50 1 2 2
2 Alex Pietrangelo Kris Letang 50 1 2 2
Last Minutes Offensive
Center Left Wing Right Wing Defense Defense
Pius Suter Matthew Tkachuk John-Jason Peterka Brandon Montour Jordan Spence
Last Minutes Defensive
Center Left Wing Right Wing Defense Defense
Jean-Gabriel Pageau Pius Suter Eetu Luostarinen Simon Benoit Rasmus Ristolainen
Goaltenders
Starting : Thatcher Demko
Backup : Anthony Stolarz
Extra Forwards
Normal : Jack Roslovic, Marco Kasper, Dmitri Voronkov - PP : Marco Kasper, Yegor Chinakhov - PK : Emil Heineman
Extra Defensemen
Normal : Brandon Montour, Jordan Spence, Alex Pietrangelo - PP : Rasmus Ristolainen - PK : Brandon Montour, Jordan Spence
Penalty Shots
John-Jason Peterka, Jean-Gabriel Pageau, Pius Suter, Dmitri Voronkov, Eetu Luostarinen
Scratches
Dante Fabbro (Healthy), Parker Wotherspoon (Healthy), Cayden Primeau (Healthy), Henrik Tikkanen (Healthy), Mads Sogaard (Healthy)
Los Angeles Kings
5 vs 5 Forward
Center Left Wing Right Wing Time % Phy DF OF
1 Seth Jarvis Will Smith Logan Cooley 30 1 2 2
2 Adam Fantilli Andrei Svechnikov Andrei Kuzmenko 30 1 2 2
3 Jansen Harkins Vitali Kravtsov Jackson Blake 25 1 2 2
4 Joseph Veleno Mikey Eyssimont Cooper Marody 15 1 2 2
5 vs 5 Defense
Defense Defense Time % Phy DF OF
1 MacKenzie Weegar K'Andre Miller 30 1 2 2
2 Charlie McAvoy Ryan Suter 30 1 2 2
3 Alexander Romanov Jakub Zboril 25 1 2 2
4 MacKenzie Weegar K'Andre Miller 15 1 2 2
PowerPlay Forward
Center Left Wing Right Wing Time % Phy DF OF
1 Seth Jarvis Jansen Harkins Logan Cooley 50 1 2 2
2 Adam Fantilli Andrei Svechnikov Andrei Kuzmenko 50 1 2 2
PowerPlay Defense
Defense Defense Time % Phy DF OF
1 MacKenzie Weegar K'Andre Miller 50 1 2 2
2 Charlie McAvoy Ryan Suter 50 1 2 2
Penalty Kill 4 Players Forward
Center Wing Time % Phy DF OF
1 Adam Fantilli Seth Jarvis 50 1 2 2
2 Logan Cooley Andrei Svechnikov 50 1 2 2
Penalty Kill 4 Players Defense
Defense Defense Time % Phy DF OF
1 MacKenzie Weegar K'Andre Miller 50 1 2 2
2 Charlie McAvoy Ryan Suter 50 1 2 2
Penalty Kill - 3 Players Forward
Forward Time % Phy DF OF
1 Logan Cooley 50 1 2 2
2 Andrei Svechnikov 50 1 2 2
Penalty Kill - 3 Players Defense
Defense Defense Time % Phy DF OF
1 MacKenzie Weegar K'Andre Miller 50 1 2 2
2 Charlie McAvoy Ryan Suter 50 1 2 2
4 vs 4 Forward
Center Wing Time % Phy DF OF
1 Jansen Harkins Adam Fantilli 50 1 2 2
2 Logan Cooley Andrei Svechnikov 50 1 2 2
4 vs 4 Defense
Defense Defense Time % Phy DF OF
1 MacKenzie Weegar K'Andre Miller 50 1 2 2
2 Charlie McAvoy Ryan Suter 50 1 2 2
Last Minutes Offensive
Center Left Wing Right Wing Defense Defense
Seth Jarvis Will Smith Logan Cooley MacKenzie Weegar K'Andre Miller
Last Minutes Defensive
Center Left Wing Right Wing Defense Defense
Seth Jarvis Will Smith Logan Cooley MacKenzie Weegar K'Andre Miller
Goaltenders
Starting : Victor Ostman
Backup : Spencer Knight
Extra Forwards
Normal : Mikey Eyssimont, Jansen Harkins, Joseph Veleno - PP : Mikey Eyssimont, Jansen Harkins - PK : Joseph Veleno
Extra Defensemen
Normal : Alexander Romanov, Jakub Zboril, Charlie McAvoy - PP : Alexander Romanov - PK : Jakub Zboril, Charlie McAvoy
Penalty Shots
Joseph Veleno, Seth Jarvis, Logan Cooley, Andrei Svechnikov, Adam Fantilli
Scratches
Evander Kane (Healthy), Drew Helleson (Healthy), Carl Lindbom (Healthy)
% Time on Ice - Nashville Predators
Lines # - Real PCT - Wanted PCT - Time Play
Normal Forward
1 - 32% - 30% - 16:05
2 - 26% - 25% - 12:42
3 - 23% - 25% - 11:39
4 - 19% - 20% - 9:21
Normal Defense
1 - 31% - 30% - 15:22
2 - 33% - 30% - 16:37
3 - 23% - 25% - 11:40
4 - 12% - 15% - 6:08
PP Forward
1 - 49% - 50% - 3:14
2 - 51% - 50% - 3:25
PP Defense
1 - 45% - 50% - 2:59
2 - 55% - 50% - 3:40
PK Forward
1 - 48% - 50% - 1:42
2 - 52% - 50% - 1:52
PK Defense
1 - 51% - 50% - 1:49
2 - 49% - 50% - 1:45
PK3 Forward
1 - 0% - 50%
2 - 0% - 50%
PK3 Defense
1 - 0% - 50%
2 - 0% - 50%
44 Forward
1 - 0% - 50%
2 - 0% - 50%
44 Defense
1 - 0% - 50%
2 - 0% - 50%
Last Minute Offensive - 0:00
Last Minute Defensive - 0:00
Total
Forward - 60:00
Defense - 60:00
|
% Time on Ice - Los Angeles Kings
Lines # - Real PCT - Wanted PCT - Time Play
Normal Forward
1 - 28% - 30% - 14:06
2 - 30% - 30% - 14:42
3 - 25% - 25% - 12:38
4 - 17% - 15% - 8:21
Normal Defense
1 - 30% - 30% - 15:10
2 - 30% - 30% - 15:00
3 - 27% - 25% - 13:14
4 - 13% - 15% - 6:23
PP Forward
1 - 63% - 50% - 2:14
2 - 37% - 50% - 1:20
PP Defense
1 - 43% - 50% - 1:31
2 - 57% - 50% - 2:03
PK Forward
1 - 52% - 50% - 3:26
2 - 48% - 50% - 3:13
PK Defense
1 - 52% - 50% - 3:29
2 - 48% - 50% - 3:10
PK3 Forward
1 - 0% - 50%
2 - 0% - 50%
PK3 Defense
1 - 0% - 50%
2 - 0% - 50%
44 Forward
1 - 0% - 50%
2 - 0% - 50%
44 Defense
1 - 0% - 50%
2 - 0% - 50%
Last Minute Offensive - 0:00
Last Minute Defensive - 0:00
Total
Forward - 60:00
Defense - 60:00
|
Play-by-Play
1st period
0:01 of 1st period - Pius Suter wins face-off versus Seth Jarvis in neutral zone.
0:04 of 1st period - K'Andre Miller is hit by Rasmus Ristolainen and loses puck.
0:40 of 1st period - Andrei Kuzmenko is hit by Yegor Chinakhov and loses puck.
1:32 of 1st period - Matthew Tkachuk is hit by Ryan Suter.
1:59 of 1st period - Wrist shot by Adam Fantilli.
1:59 of 1st period - Shot Misses the Net.
2:01 of 1st period - Snap shot by Andrei Svechnikov.
2:01 of 1st period - Stopped by Thatcher Demko with a rebound.
2:21 of 1st period - Snap shot by Jansen Harkins.
2:21 of 1st period - Shot Blocked by Kris Letang.
2:41 of 1st period - Slapshot by Emil Heineman.
2:41 of 1st period - Shot Misses the Net.
2:53 of 1st period - Marco Kasper is hit by Logan Cooley and loses puck.
3:13 of 1st period - Minor Penalty to Jakub Zboril for Tripping.
3:14 of 1st period - Adam Fantilli wins face-off versus John-Jason Peterka in Los Angeles Kings zone.
4:01 of 1st period - Slapshot by Jordan Spence.
4:01 of 1st period - Deflect By Matthew Tkachuk.
4:01 of 1st period - Shot Misses the Net.
4:01 of 1st period - Puck is out of play.
4:02 of 1st period - Marco Kasper wins face-off versus Logan Cooley in Los Angeles Kings zone.
4:03 of 1st period - Snap shot by Jack Roslovic.
4:03 of 1st period - Shot Misses the Net.
5:13 of 1st period - Penalty to Jakub Zboril is over, Jakub Zboril is back on ice.
5:43 of 1st period - Wrist shot by Yegor Sharangovich.
5:43 of 1st period - Stopped by Victor Ostman with a rebound.
5:45 of 1st period - Slapshot by Jordan Spence.
5:45 of 1st period - Stopped by Victor Ostman without a rebound.
5:46 of 1st period - Jean-Gabriel Pageau wins face-off versus Jansen Harkins in Los Angeles Kings zone.
6:25 of 1st period - Alex Pietrangelo is hit by Will Smith and loses puck.
7:01 of 1st period - Wrist shot by Yegor Sharangovich.
7:01 of 1st period - Stopped by Victor Ostman without a rebound.
7:02 of 1st period - Jansen Harkins wins face-off versus Jack Roslovic in Los Angeles Kings zone.
7:11 of 1st period - Snap shot by Yegor Sharangovich.
7:11 of 1st period - Shot Misses the Net.
7:17 of 1st period - Ryan Suter is hit by Simon Benoit and loses puck.
7:34 of 1st period - Adam Fantilli is hit by Pius Suter and loses puck.
7:57 of 1st period - Wrist shot by Emil Heineman.
7:57 of 1st period - Shot Misses the Net.
7:59 of 1st period - Wrist shot by Emil Heineman.
7:59 of 1st period - Stopped by Victor Ostman with a rebound.
8:01 of 1st period - Snap shot by Eetu Luostarinen.
8:01 of 1st period - Stopped by Victor Ostman with a rebound.
8:03 of 1st period - Slapshot by Simon Benoit.
8:03 of 1st period - Shot Blocked by K'Andre Miller.
8:40 of 1st period - Andrei Kuzmenko is hit by Alexey Toropchenko and loses puck.
8:51 of 1st period - Icing by Jack Roslovic.
8:52 of 1st period - Logan Cooley wins face-off versus Jack Roslovic in Nashville Predators zone.
8:59 of 1st period - Backhand shot by Logan Cooley.
8:59 of 1st period - Stopped by Thatcher Demko without a rebound.
9:00 of 1st period - Pius Suter wins face-off versus Seth Jarvis in Nashville Predators zone.
9:00 of 1st period - Pius Suter is hit by Seth Jarvis.
9:17 of 1st period - Snap shot by Seth Jarvis.
9:17 of 1st period - Stopped by Thatcher Demko with a rebound.
9:40 of 1st period - Snap shot by John-Jason Peterka.
9:40 of 1st period - Shot Blocked by Charlie McAvoy.
9:42 of 1st period - Slapshot by Jordan Spence.
9:42 of 1st period - Stopped by Victor Ostman without a rebound.
9:43 of 1st period - Marco Kasper wins face-off versus Adam Fantilli in Los Angeles Kings zone.
9:44 of 1st period - Wrist shot by Emil Heineman.
9:44 of 1st period - Shot Blocked by Andrei Svechnikov.
9:52 of 1st period - Slapshot by Emil Heineman.
9:52 of 1st period - Stopped by Victor Ostman without a rebound.
9:53 of 1st period - Adam Fantilli wins face-off versus Emil Heineman in Los Angeles Kings zone.
10:26 of 1st period - Slapshot by Emil Heineman.
10:26 of 1st period - Stopped by Victor Ostman with a rebound.
10:28 of 1st period - Slapshot by Kris Letang.
10:28 of 1st period - Deflect By Emil Heineman.
10:28 of 1st period - Stopped by Victor Ostman with a rebound.
10:30 of 1st period - Snap shot by Kris Letang.
10:30 of 1st period - Shot Misses the Net.
10:32 of 1st period - Slapshot by Brandon Montour.
10:32 of 1st period - Shot Misses the Net.
10:34 of 1st period - Backhand shot by Kris Letang.
10:34 of 1st period - Stopped by Victor Ostman with a rebound.
10:36 of 1st period - Wrist shot by Emil Heineman.
10:36 of 1st period - Stopped by Victor Ostman without a rebound.
10:37 of 1st period - Pius Suter wins face-off versus Jansen Harkins in Los Angeles Kings zone.
10:52 of 1st period - Slapshot by John-Jason Peterka.
10:52 of 1st period - Stopped by Victor Ostman without a rebound.
10:53 of 1st period - Seth Jarvis wins face-off versus Jean-Gabriel Pageau in Los Angeles Kings zone.
10:53 of 1st period - Seth Jarvis is hit by Dmitri Voronkov.
11:01 of 1st period - Jordan Spence is hit by Seth Jarvis and loses puck.
11:10 of 1st period - Snap shot by Will Smith.
11:10 of 1st period - Stopped by Thatcher Demko with a rebound.
11:22 of 1st period - Slapshot by Jackson Blake.
11:22 of 1st period - Shot Misses the Net.
11:24 of 1st period - Slapshot by Jansen Harkins.
11:24 of 1st period - Stopped by Thatcher Demko with a rebound.
11:26 of 1st period - Snap shot by Jansen Harkins.
11:26 of 1st period - Stopped by Thatcher Demko with a rebound.
11:28 of 1st period - Slapshot by K'Andre Miller.
11:28 of 1st period - Shot Blocked by Pius Suter.
12:20 of 1st period - Seth Jarvis is hit by Yegor Chinakhov and loses puck.
12:29 of 1st period - Wrist shot by Logan Cooley.
12:29 of 1st period - Stopped by Thatcher Demko with a rebound.
12:31 of 1st period - Snap shot by Logan Cooley.
12:31 of 1st period - Shot Misses the Net.
13:21 of 1st period - Snap shot by Joseph Veleno.
13:21 of 1st period - Stopped by Thatcher Demko without a rebound.
13:22 of 1st period - Marco Kasper wins face-off versus Vitali Kravtsov in Nashville Predators zone.
13:43 of 1st period - Wrist shot by Marco Kasper.
13:43 of 1st period - Stopped by Victor Ostman with a rebound.
14:19 of 1st period - Icing by Charlie McAvoy.
14:20 of 1st period - Pius Suter wins face-off versus Jansen Harkins in Los Angeles Kings zone.
14:55 of 1st period - Pius Suter is hit by Charlie McAvoy and loses puck.
15:04 of 1st period - Snap shot by Jansen Harkins.
15:04 of 1st period - Deflect By Jackson Blake.
15:04 of 1st period - Stopped by Thatcher Demko with a rebound.
15:06 of 1st period - Slapshot by Charlie McAvoy.
15:06 of 1st period - Stopped by Thatcher Demko with a rebound.
15:08 of 1st period - Slapshot by Charlie McAvoy.
15:08 of 1st period - Shot Blocked by Simon Benoit.
15:10 of 1st period - Wrist shot by Jansen Harkins.
15:10 of 1st period - Stopped by Thatcher Demko with a rebound.
15:12 of 1st period - Wrist shot by Jackson Blake.
15:12 of 1st period - Shot Blocked by John-Jason Peterka.
15:18 of 1st period - Snap shot by Jackson Blake.
15:18 of 1st period - Shot Misses the Net.
15:20 of 1st period - Snap shot by Ryan Suter.
15:20 of 1st period - Deflect By Jansen Harkins.
15:20 of 1st period - Stopped by Thatcher Demko without a rebound.
15:21 of 1st period - Jean-Gabriel Pageau wins face-off versus Seth Jarvis in Nashville Predators zone.
15:48 of 1st period - Jordan Spence is hit by Mikey Eyssimont and loses puck.
16:16 of 1st period - Wrist shot by Jack Roslovic.
16:16 of 1st period - Shot Misses the Net.
16:32 of 1st period - Wrist shot by Emil Heineman.
16:32 of 1st period - Stopped by Victor Ostman with a rebound.
16:34 of 1st period - Slapshot by Alex Pietrangelo.
16:34 of 1st period - Stopped by Victor Ostman with a rebound.
17:20 of 1st period - Snap shot by Andrei Svechnikov.
17:20 of 1st period - Stopped by Thatcher Demko without a rebound.
17:21 of 1st period - Seth Jarvis wins face-off versus Marco Kasper in Nashville Predators zone.
17:38 of 1st period - Eetu Luostarinen is hit by Logan Cooley and loses puck.
18:49 of 1st period - Wrist shot by Jansen Harkins.
18:49 of 1st period - Shot Misses the Net.
19:15 of 1st period - Wrist shot by Jack Roslovic.
19:15 of 1st period - Stopped by Victor Ostman with a rebound.
19:17 of 1st period - Wrist shot by Yegor Sharangovich.
19:17 of 1st period - Shot Misses the Net.
19:19 of 1st period - Wrist shot by Jack Roslovic.
19:19 of 1st period - Shot Blocked by Charlie McAvoy.
19:21 of 1st period - Slapshot by Simon Benoit.
19:21 of 1st period - Stopped by Victor Ostman without a rebound.
19:22 of 1st period - Jean-Gabriel Pageau wins face-off versus Seth Jarvis in Los Angeles Kings zone.
19:57 of 1st period - Snap shot by Adam Fantilli.
19:57 of 1st period - Shot Misses the Net.
19:59 of 1st period - Snap shot by Andrei Svechnikov.
19:59 of 1st period - Stopped by Thatcher Demko without a rebound.
Goals for this period are 0 for Nashville Predators vs 0 for Los Angeles Kings.
Shots for this period are 17 for Nashville Predators vs 14 for Los Angeles Kings.
2nd period
0:01 of 2nd period - Pius Suter wins face-off versus Adam Fantilli in neutral zone.
0:10 of 2nd period - Slapshot by Andrei Svechnikov.
0:10 of 2nd period - Stopped by Thatcher Demko with a rebound.
0:32 of 2nd period - Snap shot by Jack Roslovic.
0:32 of 2nd period - Shot Misses the Net.
0:56 of 2nd period - Snap shot by Mikey Eyssimont.
0:56 of 2nd period - Stopped by Thatcher Demko without a rebound.
0:57 of 2nd period - Adam Fantilli wins face-off versus Jean-Gabriel Pageau in Nashville Predators zone.
1:06 of 2nd period - Wrist shot by Andrei Svechnikov.
1:06 of 2nd period - Shot Misses the Net.
1:16 of 2nd period - Andrei Svechnikov is hit by Yegor Chinakhov and loses puck.
1:27 of 2nd period - Matthew Tkachuk is hit by Charlie McAvoy and loses puck.
1:36 of 2nd period - Snap shot by Will Smith.
1:36 of 2nd period - Shot Blocked by John-Jason Peterka.
1:38 of 2nd period - Slapshot by Ryan Suter.
1:38 of 2nd period - Shot Misses the Net.
1:51 of 2nd period - Minor Penalty to Vitali Kravtsov for Cross-checking.
1:52 of 2nd period - Logan Cooley wins face-off versus Marco Kasper in Los Angeles Kings zone.
2:03 of 2nd period - Wrist shot by Jack Roslovic.
2:03 of 2nd period - Deflect By Dmitri Voronkov.
2:03 of 2nd period - Goal by Dmitri Voronkov - Nashville Predators : 1 - Los Angeles Kings : 0.
2:04 of 2nd period - Adam Fantilli wins face-off versus Pius Suter in neutral zone.
3:02 of 2nd period - Wrist shot by Marco Kasper.
3:02 of 2nd period - Shot Misses the Net.
3:04 of 2nd period - Slapshot by Rasmus Ristolainen.
3:04 of 2nd period - Deflect By Marco Kasper.
3:04 of 2nd period - Stopped by Victor Ostman with a rebound.
3:15 of 2nd period - Icing by Eetu Luostarinen.
3:16 of 2nd period - Marco Kasper wins face-off versus Joseph Veleno in Nashville Predators zone.
4:17 of 2nd period - Snap shot by Emil Heineman.
4:17 of 2nd period - Shot Blocked by Charlie McAvoy.
4:46 of 2nd period - Off-side.
4:47 of 2nd period - Pius Suter wins face-off versus Joseph Veleno in neutral zone.
5:13 of 2nd period - Simon Benoit is hit by Seth Jarvis and loses puck.
5:34 of 2nd period - Wrist shot by Yegor Sharangovich.
5:34 of 2nd period - Stopped by Victor Ostman with a rebound.
5:36 of 2nd period - Slapshot by Brandon Montour.
5:36 of 2nd period - Shot Blocked by K'Andre Miller.
5:38 of 2nd period - Slapshot by Brandon Montour.
5:38 of 2nd period - Shot Misses the Net.
5:40 of 2nd period - Snap shot by Yegor Sharangovich.
5:40 of 2nd period - Stopped by Victor Ostman with a rebound.
5:42 of 2nd period - Wrist shot by Yegor Sharangovich.
5:42 of 2nd period - Shot Blocked by K'Andre Miller.
5:44 of 2nd period - Snap shot by Alexey Toropchenko.
5:44 of 2nd period - Stopped by Victor Ostman with a rebound.
5:54 of 2nd period - Wrist shot by Jackson Blake.
5:54 of 2nd period - Shot Hit the Post.
5:56 of 2nd period - Backhand shot by K'Andre Miller.
5:56 of 2nd period - Stopped by Thatcher Demko with a rebound.
6:36 of 2nd period - Wrist shot by John-Jason Peterka.
6:36 of 2nd period - Shot Blocked by Seth Jarvis.
6:38 of 2nd period - Slapshot by Jordan Spence.
6:38 of 2nd period - Shot Misses the Net.
6:56 of 2nd period - Alexander Romanov is hit by Alexey Toropchenko and loses puck.
7:05 of 2nd period - Snap shot by Yegor Sharangovich.
7:05 of 2nd period - Stopped by Victor Ostman without a rebound.
7:06 of 2nd period - Seth Jarvis wins face-off versus Pius Suter in Los Angeles Kings zone.
7:38 of 2nd period - Snap shot by Jean-Gabriel Pageau.
7:38 of 2nd period - Shot Misses the Net.
7:40 of 2nd period - Wrist shot by Dmitri Voronkov.
7:40 of 2nd period - Shot Misses the Net.
7:42 of 2nd period - Slapshot by Dmitri Voronkov.
7:42 of 2nd period - Stopped by Victor Ostman with a rebound.
8:21 of 2nd period - Minor Penalty to Mikey Eyssimont for Slashing.
8:22 of 2nd period - Adam Fantilli wins face-off versus Dmitri Voronkov in Los Angeles Kings zone.
8:22 of 2nd period - Adam Fantilli is hit by Dmitri Voronkov.
8:31 of 2nd period - Andrei Svechnikov is hit by Marco Kasper and loses puck.
8:38 of 2nd period - Snap shot by Dmitri Voronkov.
8:38 of 2nd period - Deflect By Marco Kasper.
8:38 of 2nd period - Shot Misses the Net.
8:38 of 2nd period - Puck is out of play.
8:39 of 2nd period - Adam Fantilli wins face-off versus Pius Suter in Los Angeles Kings zone.
9:13 of 2nd period - Marco Kasper is hit by Adam Fantilli and loses puck.
9:28 of 2nd period - Logan Cooley is hit by Matthew Tkachuk and loses puck.
10:21 of 2nd period - Penalty to Mikey Eyssimont is over, Mikey Eyssimont is back on ice.
10:27 of 2nd period - Wrist shot by Andrei Kuzmenko.
10:27 of 2nd period - Shot Blocked by Jack Roslovic.
10:30 of 2nd period - Icing by Alex Pietrangelo.
10:31 of 2nd period - Marco Kasper wins face-off versus Jansen Harkins in Nashville Predators zone.
10:31 of 2nd period - Marco Kasper is hit by Jackson Blake.
10:43 of 2nd period - Snap shot by Joseph Veleno.
10:43 of 2nd period - Shot Blocked by John-Jason Peterka.
11:01 of 2nd period - Yegor Sharangovich is hit by Logan Cooley and loses puck.
11:16 of 2nd period - Wrist shot by Jansen Harkins.
11:16 of 2nd period - Shot Misses the Net.
11:47 of 2nd period - Wrist shot by Adam Fantilli.
11:47 of 2nd period - Shot Blocked by Rasmus Ristolainen.
11:49 of 2nd period - Slapshot by K'Andre Miller.
11:49 of 2nd period - Stopped by Thatcher Demko with a rebound.
12:09 of 2nd period - Wrist shot by Joseph Veleno.
12:09 of 2nd period - Stopped by Thatcher Demko with a rebound.
12:42 of 2nd period - Slapshot by Jackson Blake.
12:42 of 2nd period - Stopped by Thatcher Demko with a rebound.
12:44 of 2nd period - Wrist shot by Jansen Harkins.
12:44 of 2nd period - Stopped by Thatcher Demko without a rebound.
12:45 of 2nd period - Alexey Toropchenko wins face-off versus Andrei Svechnikov in Nashville Predators zone.
14:04 of 2nd period - Wrist shot by Jean-Gabriel Pageau.
14:04 of 2nd period - Stopped by Victor Ostman without a rebound.
14:05 of 2nd period - Andrei Kuzmenko wins face-off versus Jack Roslovic in Los Angeles Kings zone.
14:14 of 2nd period - Wrist shot by Yegor Sharangovich.
14:14 of 2nd period - Shot Misses the Net.
14:53 of 2nd period - Slapshot by Dmitri Voronkov.
14:53 of 2nd period - Deflect By Jean-Gabriel Pageau.
14:53 of 2nd period - Shot Misses the Net.
14:53 of 2nd period - Puck is out of play.
14:54 of 2nd period - Jean-Gabriel Pageau wins face-off versus Jansen Harkins in Los Angeles Kings zone.
14:55 of 2nd period - Slapshot by Dmitri Voronkov.
14:55 of 2nd period - Shot Misses the Net.
14:57 of 2nd period - Snap shot by Yegor Chinakhov.
14:57 of 2nd period - Stopped by Victor Ostman with a rebound.
14:59 of 2nd period - Slapshot by Jean-Gabriel Pageau.
14:59 of 2nd period - Shot Misses the Net.
15:01 of 2nd period - Slapshot by Dmitri Voronkov.
15:01 of 2nd period - Stopped by Victor Ostman without a rebound.
15:02 of 2nd period - Adam Fantilli wins face-off versus Pius Suter in Los Angeles Kings zone.
15:08 of 2nd period - Off-side.
15:09 of 2nd period - Adam Fantilli wins face-off versus John-Jason Peterka in neutral zone.
15:12 of 2nd period - Snap shot by Andrei Kuzmenko.
15:12 of 2nd period - Shot Blocked by Kris Letang.
15:29 of 2nd period - Off-side.
15:30 of 2nd period - Seth Jarvis wins face-off versus Marco Kasper in neutral zone.
15:47 of 2nd period - Snap shot by Seth Jarvis.
15:47 of 2nd period - Stopped by Thatcher Demko with a rebound.
15:56 of 2nd period - Icing by Jean-Gabriel Pageau.
15:57 of 2nd period - Jean-Gabriel Pageau wins face-off versus Adam Fantilli in Nashville Predators zone.
16:08 of 2nd period - Snap shot by Jean-Gabriel Pageau.
16:08 of 2nd period - Stopped by Victor Ostman with a rebound.
16:10 of 2nd period - Wrist shot by Jean-Gabriel Pageau.
16:10 of 2nd period - Stopped by Victor Ostman without a rebound.
16:11 of 2nd period - Seth Jarvis wins face-off versus Pius Suter in Los Angeles Kings zone.
16:16 of 2nd period - Slapshot by Will Smith.
16:16 of 2nd period - Shot Misses the Net.
17:56 of 2nd period - Wrist shot by Seth Jarvis.
17:56 of 2nd period - Deflect By Will Smith.
17:56 of 2nd period - Shot Misses the Net.
17:56 of 2nd period - Puck is out of play.
17:57 of 2nd period - Seth Jarvis wins face-off versus Alexey Toropchenko in Nashville Predators zone.
18:24 of 2nd period - Slapshot by Andrei Svechnikov.
18:24 of 2nd period - Stopped by Thatcher Demko with a rebound.
18:26 of 2nd period - Slapshot by Charlie McAvoy.
18:26 of 2nd period - Stopped by Thatcher Demko with a rebound.
18:34 of 2nd period - Snap shot by Adam Fantilli.
18:34 of 2nd period - Deflect By Simon Benoit.
18:34 of 2nd period - Stopped by Thatcher Demko without a rebound.
18:35 of 2nd period - Marco Kasper wins face-off versus Jansen Harkins in Nashville Predators zone.
18:35 of 2nd period - Marco Kasper is hit by Jansen Harkins.
19:08 of 2nd period - Slapshot by Yegor Chinakhov.
19:08 of 2nd period - Shot Misses the Net.
19:23 of 2nd period - Alexey Toropchenko is hit by Will Smith and loses puck.
19:40 of 2nd period - Minor Penalty to Charlie McAvoy for Roughing.
19:41 of 2nd period - Pius Suter wins face-off versus Logan Cooley in Los Angeles Kings zone.
Goals for this period are 1 for Nashville Predators vs 0 for Los Angeles Kings.
Shots for this period are 12 for Nashville Predators vs 11 for Los Angeles Kings.
3rd period
0:01 of 3rd period - Marco Kasper wins face-off versus Adam Fantilli in neutral zone.
0:04 of 3rd period - Slapshot by Kris Letang.
0:04 of 3rd period - Stopped by Victor Ostman with a rebound.
0:06 of 3rd period - Snap shot by Jack Roslovic.
0:06 of 3rd period - Shot Misses the Net.
0:08 of 3rd period - Snap shot by Kris Letang.
0:08 of 3rd period - Shot Misses the Net.
0:10 of 3rd period - Slapshot by Marco Kasper.
0:10 of 3rd period - Goal by Marco Kasper - Nashville Predators : 2 - Los Angeles Kings : 0.
0:11 of 3rd period - Jansen Harkins wins face-off versus Pius Suter in neutral zone.
0:16 of 3rd period - Pius Suter is hit by MacKenzie Weegar.
0:48 of 3rd period - Snap shot by Andrei Svechnikov.
0:48 of 3rd period - Goal by Andrei Svechnikov - Nashville Predators : 2 - Los Angeles Kings : 1.
0:49 of 3rd period - Seth Jarvis wins face-off versus Emil Heineman in neutral zone.
0:52 of 3rd period - Simon Benoit is hit by Seth Jarvis and loses puck.
1:33 of 3rd period - Minor Penalty to Rasmus Ristolainen for High sticking.
1:34 of 3rd period - Eetu Luostarinen wins face-off versus Seth Jarvis in Nashville Predators zone.
1:41 of 3rd period - Wrist shot by Logan Cooley.
1:41 of 3rd period - Shot Blocked by Alex Pietrangelo.
1:43 of 3rd period - Snap shot by Logan Cooley.
1:43 of 3rd period - Goal by Logan Cooley - Nashville Predators : 2 - Los Angeles Kings : 2.
1:44 of 3rd period - Jansen Harkins wins face-off versus Pius Suter in neutral zone.
1:49 of 3rd period - Snap shot by MacKenzie Weegar.
1:49 of 3rd period - Stopped by Thatcher Demko without a rebound.
1:50 of 3rd period - Jansen Harkins wins face-off versus Pius Suter in Nashville Predators zone.
1:59 of 3rd period - Snap shot by Jansen Harkins.
1:59 of 3rd period - Stopped by Thatcher Demko without a rebound.
2:00 of 3rd period - Jean-Gabriel Pageau wins face-off versus Seth Jarvis in Nashville Predators zone.
2:00 of 3rd period - Jean-Gabriel Pageau is hit by MacKenzie Weegar.
2:10 of 3rd period - Wrist shot by Seth Jarvis.
2:10 of 3rd period - Shot Misses the Net.
2:27 of 3rd period - MacKenzie Weegar is hit by Marco Kasper and loses puck.
3:16 of 3rd period - Snap shot by Yegor Sharangovich.
3:16 of 3rd period - Shot Blocked by Charlie McAvoy.
3:26 of 3rd period - Snap shot by Alexey Toropchenko.
3:26 of 3rd period - Stopped by Victor Ostman without a rebound.
3:27 of 3rd period - Jean-Gabriel Pageau wins face-off versus Seth Jarvis in Los Angeles Kings zone.
3:28 of 3rd period - Slapshot by Dmitri Voronkov.
3:28 of 3rd period - Shot Blocked by Alexander Romanov.
3:38 of 3rd period - Slapshot by Dmitri Voronkov.
3:38 of 3rd period - Shot Misses the Net.
3:54 of 3rd period - Yegor Chinakhov is hit by Alexander Romanov and loses puck.
4:24 of 3rd period - Jansen Harkins is hit by Dmitri Voronkov and loses puck.
5:01 of 3rd period - Snap shot by Yegor Chinakhov.
5:01 of 3rd period - Shot Misses the Net.
5:03 of 3rd period - Snap shot by Jean-Gabriel Pageau.
5:03 of 3rd period - Stopped by Victor Ostman with a rebound.
5:05 of 3rd period - Snap shot by Dmitri Voronkov.
5:05 of 3rd period - Goal by Dmitri Voronkov - Nashville Predators : 3 - Los Angeles Kings : 2.
5:06 of 3rd period - Adam Fantilli wins face-off versus Pius Suter in neutral zone.
6:14 of 3rd period - Snap shot by Matthew Tkachuk.
6:14 of 3rd period - Shot Misses the Net.
6:16 of 3rd period - Slapshot by Matthew Tkachuk.
6:16 of 3rd period - Stopped by Victor Ostman without a rebound.
6:17 of 3rd period - Pius Suter wins face-off versus Adam Fantilli in Los Angeles Kings zone.
6:54 of 3rd period - Andrei Svechnikov is hit by Matthew Tkachuk and loses puck.
7:37 of 3rd period - Slapshot by Jordan Spence.
7:37 of 3rd period - Stopped by Victor Ostman without a rebound.
7:38 of 3rd period - Marco Kasper wins face-off versus Seth Jarvis in Los Angeles Kings zone.
7:44 of 3rd period - Minor Penalty to Marco Kasper for Slashing.
7:45 of 3rd period - Seth Jarvis wins face-off versus Alexey Toropchenko in Nashville Predators zone.
9:08 of 3rd period - Wrist shot by Will Smith.
9:08 of 3rd period - Shot Blocked by Kris Letang.
9:44 of 3rd period - Penalty to Marco Kasper is over, Marco Kasper is back on ice.
10:54 of 3rd period - Rasmus Ristolainen is hit by MacKenzie Weegar and loses puck.
11:46 of 3rd period - Jansen Harkins is hit by Alex Pietrangelo and loses puck.
13:51 of 3rd period - Jean-Gabriel Pageau is hit by Alexander Romanov and loses puck.
14:03 of 3rd period - Icing by Simon Benoit.
14:04 of 3rd period - Marco Kasper wins face-off versus Jansen Harkins in Nashville Predators zone.
14:14 of 3rd period - Wrist shot by Emil Heineman.
14:14 of 3rd period - Deflect By Charlie McAvoy.
14:14 of 3rd period - Stopped by Victor Ostman without a rebound.
14:15 of 3rd period - Marco Kasper wins face-off versus Will Smith in Los Angeles Kings zone.
14:41 of 3rd period - Adam Fantilli is hit by Alexey Toropchenko and loses puck.
15:06 of 3rd period - Pius Suter is hit by Vitali Kravtsov and loses puck.
15:31 of 3rd period - Snap shot by MacKenzie Weegar.
15:31 of 3rd period - Stopped by Thatcher Demko with a rebound.
15:53 of 3rd period - Wrist shot by Logan Cooley.
15:53 of 3rd period - Shot Misses the Net.
16:04 of 3rd period - Minor Penalty to K'Andre Miller for Interference.
16:05 of 3rd period - Marco Kasper wins face-off versus Adam Fantilli in Los Angeles Kings zone.
16:18 of 3rd period - Slapshot by Jack Roslovic.
16:18 of 3rd period - Shot Misses the Net.
17:22 of 3rd period - MacKenzie Weegar is hit by Pius Suter and loses puck.
18:04 of 3rd period - Penalty to K'Andre Miller is over, K'Andre Miller is back on ice.
18:10 of 3rd period - Snap shot by Yegor Chinakhov.
18:10 of 3rd period - Stopped by Victor Ostman without a rebound.
18:11 of 3rd period - Jansen Harkins wins face-off versus Yegor Chinakhov in Los Angeles Kings zone.
18:24 of 3rd period - Snap shot by Jackson Blake.
18:24 of 3rd period - Stopped by Thatcher Demko without a rebound.
18:25 of 3rd period - Pius Suter wins face-off versus Joseph Veleno in Nashville Predators zone.
18:25 of 3rd period - Pius Suter is hit by Alexander Romanov.
18:34 of 3rd period - Minor Penalty to Matthew Tkachuk for Tripping.
18:35 of 3rd period - Pius Suter wins face-off versus Adam Fantilli in Nashville Predators zone.
18:43 of 3rd period - Simon Benoit is hit by Andrei Svechnikov and loses puck.
18:46 of 3rd period - Los Angeles Kings, Victor Ostman is pulled from the net.
19:08 of 3rd period - Backhand shot by MacKenzie Weegar.
19:08 of 3rd period - Deflect By Simon Benoit.
19:08 of 3rd period - Stopped by Thatcher Demko with a rebound.
19:10 of 3rd period - Wrist shot by Jansen Harkins.
19:10 of 3rd period - Stopped by Thatcher Demko with a rebound.
19:34 of 3rd period - Logan Cooley is hit by Alex Pietrangelo and loses puck.
Goals for this period are 2 for Nashville Predators vs 2 for Los Angeles Kings.
Shots for this period are 9 for Nashville Predators vs 8 for Los Angeles Kings.
Back to the Top